 Dungeon Crawl Stone Soup version 0.27.1 (webtiles) character file.

Game seed: 2280536178116470133

16 Descartes the Sneak (level 2, 0/14 HPs)
             Began as a Felid Delver on Aug 25, 2021.
             Slain by a scorpion (8 damage)
             ... on level 3 of the Dungeon.
             The game lasted 00:00:50 (108 turns).

Descartes the Sneak (Felid Delver)                   Turns: 108, Time: 00:00:50

Health: 0/14       AC:  5    Str:  8    XL:     2   Next: 41%
Magic:  3/3        EV: 17    Int: 11    God:
Gold:   0          SH:  0    Dex: 17    Spells: 1/1 levels left
                                        Lives:  0   Deaths: 0

rFire    . . .     SeeInvis +     - Unarmed
rCold    . . .     Faith    .   (shield unavailable)
rNeg     . . .     Spirit   .   (armour unavailable)
rPois    .         Reflect  .   (helmet unavailable)
rElec    .         Harm     .   (cloak unavailable)
rCorr    .         Rampage  .   (gloves unavailable)
Will     .....                  (boots unavailable)
Stlth    ++++......             (no amulet)
HPRegen  0.04/turn              f - +4 ring of protection
MPRegen  0.08/turn              (no ring)

@: quick
A: very small, claws 1, fangs 3, see invisible, speed 1, shaggy fur 1, stealthy
paws, no weapons or thrown items, no armour, multi-lived
a: no special abilities


You were on level 3 of the Dungeon.
You visited 1 branch of the dungeon, and saw 3 of its levels.

Inventory:

Jewellery
 f - a +4 ring of protection (left paw)
Wands
 e - a wand of digging (3)
Scrolls
 a - a scroll of fog
 b - a scroll of magic mapping
 c - a scroll of fear
Potions
 d - a potion of haste


   Skills:
 - Level 3.0 Fighting
 - Level 2.6 Dodging
 + Level 7.5 Stealth
 - Level 2.0 Unarmed Combat


You had one spell level left.
You didn't know any spells.
Your spell library was empty.

Dungeon Overview and Level Annotations

Branches:
Dungeon (5/15)
 Temple: D:4-7

Altars:


Innate Abilities, Weirdness & Mutations

You have sharp claws.
You have razor-sharp teeth.
You have supernaturally acute eyesight. (SInv)
You cover ground quickly. (Speed+)
You are covered in fur. (AC +1)
Your paws help you pounce on unaware monsters.
You are incapable of wielding weapons or throwing items.
You cannot wear armour.
You gain extra lives every three experience levels.


Message History

A kobold comes into view. It is wielding a +0 club.
The kobold moves out of view.
You barely miss the hound skeleton.
The hound skeleton is heavily damaged.
The hound skeleton misses you.
You scratch the endoplasm.
You kill the endoplasm!
You scratch the hound skeleton.
The hound skeleton is severely damaged.
The hound skeleton barely misses you.
You scratch the hound skeleton. You claw the hound skeleton.
You destroy the hound skeleton!
Your Stealth skill increases to level 7!
You have reached level 2!
A scorpion comes into view.
Found 20 stones.
The kobold shouts!
You scratch the kobold. You claw the kobold.
You kill the kobold!
No target in view!
Things that are here:
a +0 club; a kobold corpse The scorpion stings you!
Ouch! That really hurt!
You scratch the scorpion.
The scorpion is lightly wounded.
The scorpion completely misses you.
You scratch the scorpion.
The scorpion is moderately wounded.
The scorpion barely misses you.
There is an escape hatch in the ceiling here.
There is an escape hatch in the ceiling here.
The scorpion misses you. A mysterious force pulls you upwards.
The hatch slams shut behind you.
Found a robe.
You scratch the scorpion but do no damage.
The scorpion is lightly wounded.
The scorpion stings you!
Ouch! That really hurt!
You die...

### ..# ### . #.#
.. ## ..# #.# .#
.. ...##.###.#####
#. #............#
#..####...[.###...
#...@s......#
#....######....#
.#. ##.#.....
#.###### #.# #+#


You could see a scorpion.

Vanquished Creatures
  A hound skeleton (D:4)
  An endoplasm (D:4)
  A kobold (D:4)
3 creatures vanquished.

Notes
Turn   | Place    | Note
-------+----------+-------------------------------------------
     0 | D:5      | Descartes the Felid Delver began the quest for the Orb.
     0 | D:5      | Reached XP level 1. HP: 10/10 MP: 2/2
    25 | D:5      | Noticed an ogre
    53 | D:4      | Reached skill level 7 in Stealth
    53 | D:4      | Reached XP level 2. HP: 14/14 MP: 3/3
    55 | D:4      | Noticed a scorpion
   108 | D:3      | Slain by a scorpion

Illustrated notes

Levels and vault maps discovered:
D:3:      layout_loops_corners, nemelex_dance_club_becter,
          hangedman_decor_lopped, amcnicky_mini_corridor_feature, uniq_sigmund
D:4:      minmay_door_path, layout_rooms, elyvilon_altar_5,
          minmay_temple_entry_offerings
D:5:      layout_cave_pools, yredelemnul_forgotten_temple_becter, st_stairs_2,
          minmay_misc_feat_cross, nicolae_shop_firing_range

Skill      XL: |  1 |
---------------+----+-----
Stealth        | 7 |  7.5
Fighting       | |  3.0
Dodging        | |  2.6
Unarmed Combat | |  2.0

Action                   || total
-------------------------++-------
Melee: Unarmed           ||    10
       Punch             ||     2
Dodge: Dodged            ||     7
